 Dungeon Crawl Stone Soup version 0.19.1-1-g22dce08 (webtiles) character file.

178 Alarkh the Chopper (level 5, 36/41 HPs)
             Began as a Demonspawn Monk on Jan 7, 2017.
             Quit the game on level 3 of the Dungeon.
             The game lasted 00:02:01 (1757 turns).

Alarkh the Chopper (Demonspawn Monk)                Turns: 1757, Time: 00:02:02

Health: 36/41      AC:  9    Str: 11    XL:     5   Next: 32%
Magic:  5/5        EV: 12    Int: 12    God:
Gold:   194        SH:  0    Dex: 16    Spells: 0 memorised, 4 levels left

rFire  . . .     SeeInvis .     r - +3 whip (venom)
rCold  . . .     Gourm    .     v - +3 leather armour
rNeg   . . .     Faith    .     (no shield)
rPois  +         Spirit   .     (no helmet)
rElec  .         Reflect  .     (no cloak)
rCorr  .         Harm     .     (no gloves)
MR     .....                    (no boots)
Stlth  ++........               (no amulet)
                                (no ring)
                                u - ring of poison resistance

@: no status effects
A: claws 1, slimy green scales 2, rot immunity
a: no special abilities


You were on level 3 of the Dungeon.
You were not hungry.

You visited 1 branch of the dungeon, and saw 3 of its levels.

You collected 194 gold pieces.

Inventory:

Hand Weapons
 a - a +0 hand axe
 r - a +3 whip of venom (weapon)
Armour
 b - a +0 robe
 v - a +3 leather armour (worn)
Jewellery
 u - a ring of poison resistance (left claw)
Scrolls
 e - a scroll of identify {unknown}
 i - a scroll of fear {unknown}
 k - 2 scrolls of remove curse
 l - 3 scrolls of immolation
 n - a scroll of blinking {unknown}
 t - a scroll of noise {unknown}
Potions
 g - 2 potions of curing {unknown}
 j - 3 potions of heal wounds {unknown}
 m - a potion of cure mutation {unknown}
 p - a potion of flight {unknown}
 q - a potion of magic {unknown}
 s - a potion of ambrosia {unknown}
Books
 o - a book of Minor Magic

   Spells                             Type                      Level
   a - Magic Dart                     Conjuration                  1
   b - Blink                          Translocation                2
   c - Call Imp                       Summoning                    2
   d - Repel Missiles                 Charms/Air                   2
   e - Slow                           Hexes                        2
   f - Conjure Flame                  Conjuration/Fire             3
   g - Mephitic Cloud                 Conjuration/Poison/Air       3
Comestibles
 c - 2 bread rations
 d - 23 chunks of flesh
 f - 2 meat rations
 h - 2 beef jerkies
 w - a royal jelly


   Skills:
 - Level 3.0 Fighting
 + Level 5.5 Axes
 - Level 2.6 Dodging
 - Level 1.7 Stealth


You had 4 spell levels left.
You didn't know any spells.

Dungeon Overview and Level Annotations

Branches:
Dungeon (3/15)

Altars:
Yredelemnul


Innate Abilities, Weirdness & Mutations

You have sharp fingernails.
You are mostly covered in slimy green scales. (AC +3)
You are immune to rotting.


Message History

No target in view!
No target in view!
No target in view!
No target in view!
No target in view!
No target in view!
No target in view!
No target in view!
No target in view!
No target in view!
No target in view!
No target in view!
No target in view!
No target in view!
No target in view!
No target in view!
No target in view!
No target in view!
No target in view!
Are you sure you want to abandon this character and quit the game? (Confirm with "yes".)

#.# #... #.# #.##
#.# #.# #.# #.#
#####.########.#
#...........##.##
#.###.#####.##...
########.# #.#
#.##.##
#.....)@†# #.#
#.##.# #.########
#.# #.##.# #.#
#....# ..# #..###
### #..# #..#
#..# #..# #..#


There were no monsters in sight!

Vanquished Creatures
  An orc priest (D:3)
  An iguana (D:3)
  Robin (D:3)
  2 adders
  A worm (D:2)
  A dart slug (D:1)
  A leopard gecko (D:3)
  17 orcs (D:3)
  A ball python (D:1)
  5 bats
  A giant cockroach (D:3)
  3 hobgoblins
  5 jackals
  2 quokkas (D:2)
  7 frilled lizards
  10 goblins
  7 kobolds
  8 rats
74 creatures vanquished.

Notes
Turn   | Place    | Note
-------+----------+-------------------------------------------
     0 | D:1      | Alarkh the Demonspawn Monk began the quest for the Orb.
     0 | D:1      | Reached XP level 1. HP: 18/18 MP: 1/1
   105 | D:1      | Reached skill level 3 in Axes
   236 | D:1      | Gained mutation: You are partially covered in slimy green scales. (AC +2) [demonic ancestry]
   236 | D:1      | Reached XP level 2. HP: 24/24 MP: 2/2
   727 | D:2      | Gained mutation: You are immune to rotting. [demonic ancestry]
   727 | D:2      | Reached XP level 3. HP: 25/29 MP: 3/3
   896 | D:2      | Reached skill level 4 in Axes
  1207 | D:3      | Gained mutation: You are mostly covered in slimy green scales. (AC +3) [demonic ancestry]
  1207 | D:3      | Reached XP level 4. HP: 35/35 MP: 4/4
  1344 | D:3      | Reached skill level 5 in Axes
  1400 | D:3      | Found a basalt altar of Yredelemnul.
  1607 | D:3      | Gained mutation: You have sharp fingernails. [demonic ancestry]
  1607 | D:3      | Reached XP level 5. HP: 41/41 MP: 5/5
  1744 | D:3      | Noticed Robin
  1751 | D:3      | Killed Robin
  1757 | D:3      | Quit the game

Skill      XL: |  1  2  3  4 |
---------------+-------------+-----
Axes           | 3 4 5 |  5.5
Fighting       | |  3.0
Dodging        | |  2.6
Stealth        | |  1.7

Action                   |  1- 3 |  4- 6 || total
-------------------------+-------+-------++-------
Melee: Hand axe          |    99 |       ||    99
       Whip              |    19 |    80 ||    99
  Use: Scroll            |     3 |       ||     3
 Stab: Sleeping          |     7 |     1 ||     8
  Eat: Chunk             |     1 |     2 ||     3
Armor: Robe              |    25 |     1 ||    26
       Leather armour    |       |     9 ||     9
Dodge: Dodged            |    86 |    40 ||   126
